 Dungeon Crawl Stone Soup version 0.32-a0-22-g6ae6769602 (webtiles) character file.

Game seed: 10259794260854980884

80 Hellonello the Trooper (level 4, -7/50 HPs)
             Began as an Oni Berserker on Jan 18, 2024.
             Was a Believer of Trog.
             Killed by divine providence
             ... invoked by an orc priest
              (13 damage)
             ... on level 3 of the Dungeon.
             The game lasted 00:02:52 (2389 turns).

Hellonello the Trooper (Oni Berserker)              Turns: 2389, Time: 00:02:52

Health: -7/50      AC:  3    Str: 21    XL:     4   Next: 39%
Magic:  4/4        EV: 10    Int:  8    God:    Trog [**....]
Gold:   51         SH:  0    Dex: 10    Spells: 3/3 levels left

rFire   . . .        a - +0 mace
rCold   . . .        (no shield)
rNeg    . . .        b - +0 animal skin
rPois   .            (helmet restricted)
rElec   .            (no cloak)
rCorr   .            (gloves unavailable)
SInv    .            (boots unavailable)
Will    .....        (no amulet)
Stlth   +            (no ring)
HPRegen 0.28/turn    (no ring)
MPRegen 0.09/turn

%: no passive effects
@: no status effects
A: large, unfitting armour, horns 1, tough skin 1, double potion healing,
drunken brawling
a: Renounce Religion, Berserk, Trog's Hand


You were on level 3 of the Dungeon.
You worshipped Trog.
Trog was pleased with you.
You visited 1 branch of the dungeon, and saw 3 of its levels.

You collected 51 gold pieces.

Inventory:

Hand Weapons
 a - a +0 mace (weapon)
Missiles
 d - a throwing net (quivered)
Armour
 b - a +0 animal skin (worn)
Scrolls
 f - a scroll of blinking
Potions
 c - a potion of curing
 h - a potion of brilliance


   Skills:
 + Level 5.2 Fighting
 + Level 3.7 Maces & Flails
 + Level 3.3 Dodging


You had 3 spell levels left.
You didn't know any spells.
Your spell library was empty.

Dungeon Overview and Level Annotations

Branches:
Dungeon (3/15)

Altars:
Ashenzari

Shops:
D:2 (

Annotations:
D:3 Grinder


Innate Abilities, Weirdness & Mutations

You are too large for most types of armour.
You have a pair of small horns on your head.
You have tough skin. (AC +1)
You gain doubled healing and magic from potions.
Whenever you drink a healing potion, you attack all around you.


Message History

You kill the orc!
Trog accepts your kill. The jackal barely misses you.
The endoplasm hits you but does no damage.
The jackal bites you but does no damage.
The jackal attacks as it pursues you! The jackal barely misses you.
The orc priest calls down the wrath of Beogh upon you.
Beogh smites you!
Things that are here:
a +0 dagger; a +0 leather armour; an orc corpse Grinder says, "DUCK!"
The jackal barely misses you.
You hit the orc priest but do no damage.
The orc priest hits you with a +3 flail.
The orc wizard points at you and mumbles some strange words.
The puff of flame hits you! Grinder says, "Are you a fish?" Grinder hits you.
The jackal barely misses you.
You hit the orc priest but do no damage.
The jackal barely misses you. The orc priest barely misses you.
Grinder gestures at you. Pain shoots through your body!
* * * LOW HITPOINT WARNING * * *
The jackal barely misses you.
The endoplasm hits you but does no damage.
The orc priest hits you with a +3 flail.
* * * LOW HITPOINT WARNING * * *
The orc wizard hits you but does no damage.
Grinder hits you but does no damage.
You hit the orc priest.
You headbutt the orc priest, but do no damage.
The orc priest is moderately wounded.
The jackal barely misses you.
The orc wizard hits you with a +0 dagger.
* * * LOW HITPOINT WARNING * * *
The jackal bites you.
* * * LOW HITPOINT WARNING * * *
The orc priest mumbles some strange prayers to Beogh against you.
Beogh smites you!
You die...

#............#
#............#
#.....†......#
#............#
#.....#'##########
#.###.#.#.........
# #.....o.........
####..#hJ.....?.
.....#.@o....(.
###...#.5o......
....<+.........
....#o#.........
.....#.#####.....
.......# ...$.
.... ....


You could see Grinder, an orc priest, an orc wizard, an orc, an endoplasm and a
jackal.

Vanquished Creatures
  3 adders (D:2)
  2 dart slugs
  A ribbon worm (D:2)
  2 orcs (D:3)
  4 ball pythons
  3 bats
  4 endoplasms
  3 giant cockroaches
  2 goblins
  2 hobgoblins (D:2)
  5 jackals
  2 quokkas
  A frilled lizard (D:1)
  3 kobolds (D:1)
  5 rats
42 creatures vanquished.

Notes
Turn   | Place    | Note
-------+----------+-------------------------------------------
     0 | D:1      | Hellonello the Oni Berserker began the quest for the Orb.
     0 | D:1      | Reached XP level 1. HP: 24/24 MP: 1/1
   296 | D:1      | Reached XP level 2. HP: 32/32 MP: 2/2
   695 | D:1      | Reached XP level 3. HP: 34/40 MP: 3/3
  1407 | D:2      | Found Pihuaba's Antique Weapon Emporium.
  1456 | D:2      | Reached ** piety under Trog
  1726 | D:2      | Reached skill level 5 in Fighting
  1732 | D:2      | Reached XP level 4. HP: 47/50 MP: 4/4
  2329 | D:3      | Found a broken altar of Ashenzari.
  2382 | D:3      | Noticed Grinder
  2389 | D:3      | Killed from afar by an orc priest

Illustrated notes

Levels and vault maps discovered:
D:1:      roadster_arrival_rocket_large, layout_loops_corners, serial_rivers,
          chequers_serial_rivers_large_a, chequers_serial_rivers_micro_d,
          chequers_serial_rivers_marsh, chequers_serial_rivers_small_b,
          chequers_serial_rivers_micro_d, chequers_serial_rivers_room_a
D:2:      layout_loops_corners, serial_shops, shop, minmay_liquid_box
D:3:      layout_basic, cheibrodos_ashenzari_chains,
          nicolae_ecumenical_oubliette, uniq_grinder

Skill      XL: |  1  2  3 |
---------------+----------+-----
Dodging        | 3 |  3.3
Fighting       | 5 |  5.2
Maces & Flails | |  3.7

Action                     |  1- 3 |  4- 6 || total
---------------------------+-------+-------++-------
  Melee: Mace              |    72 |    28 ||   100
         Headbutt          |    11 |     8 ||    19
    Use: Scroll            |     2 |     4 ||     6
   Stab: Sleeping          |     1 |     1 ||     2
 Armour: Animal skin       |    45 |    36 ||    81
  Dodge: Dodged            |    39 |    43 ||    82

Table legend: (Time is in decaauts)
 A = Elapsed time spent in this place.
 B = Non-inter-level travel time spent in this place.
 C = Inter-level travel time spent in this place.
 D = Time resting spent in this place.
 E = Time spent auto-exploring this place.
 F = Levels seen in this place.
 G = Mean time per level.
                   A        B        C        D        E       F      G
               +--------+--------+--------+--------+--------+-----+--------+
         Total |   2412 |   2367 |     45 |    100 |   1955 |   3 |  804.0 |
       Dungeon |   2412 |   2367 |     45 |    100 |   1955 |   3 |  804.0 |
               +--------+--------+--------+--------+--------+-----+--------+

Top non-repeatable levels by time:
     D:1: 1390 daAuts
     D:2: 956 daAuts
     D:3: 64 daAuts
